 Dungeon Crawl Stone Soup version 0.13-a0-2884-gbbf8bdf (webtiles) character file.

188 M4edhros the Skirmisher (level 4, -4/30 HPs)
             Began as an Octopode Death Knight on Aug 29, 2013.
             Was a Believer of Yredelemnul.
             Slain by an orc wizard
             ... wielding a +2,+2 orcish dagger
              (5 damage)
             ... on Level 3 of the Dungeon.
             The game lasted 00:02:45 (1665 turns).

M4edhros the Skirmisher (Octopode Death Knight)     Turns: 1665, Time: 00:02:45

HP  -4/30        AC  1     Str 12      XL: 4   Next: 71%
MP   7/7         EV 12     Int 14      God: Yredelemnul [**....]
Gold 90          SH  0     Dex 11      Spells:  0 memorised,  3 levels left

Res.Fire  : . . .   See Invis. : .   a - +1,+3 spear {=f}
Res.Cold  : . . .   Warding    : .   (no shield)
Life Prot.: . . .   Conserve   : .   (helmet restricted)
Res.Poison: .       Res.Corr.  : .   (no amulet)
Res.Elec. : +       Clarity    : .   (no ring)
Sust.Abil.: . .     Spirit.Shd : .   (no ring)
Res.Mut.  : .       Stasis     : .   (no ring)
Res.Rott. : .       Flight     : .   (no ring)
Saprovore : . . .                    (no ring)
                                     (no ring)
                                     (no ring)
                                     (no ring)

@: slightly resistant to hostile enchantments, fairly stealthy
A: almost no armour, amphibious, 8 rings, constrict 8, antennae 1, camouflage 1,
electricity resistance, fuming 1, AC +1
a: Animate Remains, Recall Undead Slaves, Injury Mirror, Renounce Religion


You were on level 3 of the Dungeon.
You worshipped Yredelemnul.
Yredelemnul was most pleased with you.
You were not hungry.

You visited 1 branch of the dungeon, and saw 3 of its levels.

You collected 70 gold pieces.

Inventory:

Hand weapons
 a - a +1,+3 spear (weapon) {=f}
Comestibles
 c - 3 bread rations
 f - 3 chokos
 n - a slice of pizza
 o - 11 grapes
Scrolls
 j - 3 scrolls of identify
 m - a scroll of teleportation


   Skills:
 * Level 3.4 Fighting
 * Level 3.0 Polearms
 * Level 2.6 Dodging
 - Level 3.0 Invocations


You had 3 spell levels left.
You didn't know any spells.

Dungeon Overview and Level Annotations

Branches:
Dungeon (3/27)

Altars:
Nemelex Xobeh
Xom


Innate Abilities, Weirdness & Mutations

You cannot wear most types of armour.
You are amphibious.
You can wear up to eight rings at the same time.
You can use your tentacles to constrict many enemies at once.
Your skin changes colour to match your surroundings (Stlth).
Your rubbery body absorbs attacks (AC +1).
You have a pair of small antennae on your head.
You are resistant to electric shocks.
You emit clouds of smoke.


Message History

You are too injured to fight recklessly!
You hit the orc wizard. Your grab misses the orc wizard.
Your squeeze misses the orc wizard.
The orc wizard is heavily wounded.
The orc wizard points at you and mumbles some strange words.
The magic dart hits you!
* * * LOW HITPOINT WARNING * * *
The orc unwields an uncursed orcish trident.
The orc drops an uncursed orcish trident.
The orc picks up an orcish trident.
The orc wields an orcish trident.
Evoke which item? (* to show all) (? for menu, Esc to quit)
Okay, then.
Read which item? (? for menu, Esc to quit)
Okay, then.
You hit the orc wizard. You grab the orc wizard.
The orc wizard is severely wounded.
You constrict the orc wizard.
The orc wizard hits you with an orcish dagger.
You die...
Your body rises from the dead as a mindless zombie.

###.###.#.#.#.
###.#...#.#.#
#.........#
#.#.##.##.###.#
#.......%.....#
###.##....###.#..
# #............
#o#######.#..
{#@# #%# #o# #ยง#
#.# #.# #.. ...
...


You could see an orc wizard and an orc.

Vanquished Creatures
  2 gnolls (D:3)
  3 adders (D:2)
  A worm (D:2)
  A giant gecko (D:2)
  6 orcs
  5 bats
  2 giant cockroaches
  5 hobgoblins
  3 jackals (D:2)
  4 kobolds
  2 giant newts
  4 goblins
  A quokka (D:3)
  5 rats
44 creatures vanquished.

Notes
Turn   | Place    | Note
--------------------------------------------------------------
     0 | D:1      | M4edhros, the Octopode Death Knight, began the quest for the Orb.
     0 | D:1      | Reached XP level 1. HP: 14/14 MP: 2/2
    32 | D:1      | Found a shimmering altar of Xom.
   155 | D:1      | Reached XP level 2. HP: 12/19 MP: 4/4
   571 | D:2      | Found a sparkling altar of Nemelex Xobeh.
   646 | D:2      | Reached XP level 3. HP: 25/25 MP: 5/5
   739 | D:2      | Acquired Yredelemnul's second power
   926 | D:2      | Reached XP level 4. HP: 25/30 MP: 7/7
  1055 | D:2      | Gained mutation: You emit clouds of smoke. [potion of mutation]
  1055 | D:2      | Gained mutation: You have a pair of small antennae on your head. [potion of mutation]
  1055 | D:2      | Gained mutation: You are resistant to electric shocks. [potion of mutation]
  1664 | D:3      | HP: 1/30 [orc wizard/magic dart (8)]
  1665 | D:3      | Slain by an orc wizard

Action                   |  1- 3 |  4- 6 || total
-------------------------+-------+-------++-------
Melee: Spear             |    65 |    55 ||   120
  Use: Scroll            |       |     8 ||     8
       Potion            |       |     3 ||     3
 Stab: Sleeping          |     5 |     1 ||     6
